 Dungeon Crawl Stone Soup version 0.25-a0-1056-g2efb326896 (webtiles) character file.

Game seed: 4446965615083417848, levelgen mode: classic

249 Amnesiac the Ducker (level 5, -3/31 HPs)
             Began as a Deep Elf Gladiator on May 13, 2020.
             Killed from afar by an orc wizard (7 damage)
             ... with a puff of flame
             ... on level 4 of the Dungeon.
             The game lasted 00:08:21 (3493 turns).

Amnesiac the Ducker (Deep Elf Gladiator)            Turns: 3493, Time: 00:08:21

Health: -3/31      AC:  7    Str: 12    XL:     5   Next: 86%
Magic:  8/8        EV: 13    Int: 13    God:
Gold:   106        SH:  0    Dex: 16    Spells: 4/4 levels left

rFire    . . .     SeeInvis .   a - +0 quarterstaff
rCold    . . .     Gourm    .   (shield currently unavailable)
rNeg     . . .     Faith    .   r - +0 ring mail
rPois    .         Spirit   .   c - +0 helmet
rElec    .         Reflect  .   (no cloak)
rCorr    .         Harm     .   m - +0 pair of gloves
MR       .....                  (no boots)
Stlth    +.........             (no amulet)
HPRegen  0.10/turn              (no ring)
MPRegen  0.11/turn              (no ring)

@: slowed, very slow
A: no striking features
a: no special abilities


You were on level 4 of the Dungeon.
You were very hungry.

You visited 2 branches of the dungeon, and saw 7 of its levels.

You collected 106 gold pieces.

Inventory:

Hand Weapons
 a - a +0 quarterstaff (weapon)
Missiles
 q - 37 arrows
Armour
 c - a +0 helmet (worn)
 m - a +0 pair of gloves (worn)
 r - a +0 ring mail (worn)
Wands
 d - a wand of enslavement (13)
Scrolls
 e - 3 scrolls of enchant armour {!r, unknown}
 g - a scroll of immolation {!r, unknown}
 i - 2 scrolls of identify {!r, unknown}
 l - 2 scrolls of magic mapping {!r, unknown}
 o - a scroll of noise {!r, unknown}
Potions
 j - a potion of magic {!q, unknown}
 k - a potion of heal wounds {!q}
 n - a potion of ambrosia {!q, unknown}
Comestibles
 f - 4 rations


   Skills:
 - Level 2.6 Fighting
 - Level 4.0 Staves
 - Level 2.0 Throwing
 - Level 2.5 Armour
 - Level 4.2 Dodging
 + Level 2.3 Evocations


You had 4 spell levels left.
You didn't know any spells.
Your spell library was empty.

Dungeon Overview and Level Annotations

Branches:
Dungeon (6/15)             Temple (1/1) D:4

Altars:
Cheibriados
Dithmenos
Fedhas
Gozag
Makhleb
Nemelex Xobeh
Qazlal
Ru
Sif Muna
Trog
Xom

Shops:
D:4 =


Message History

You climb upwards.
There is a stone staircase leading down here.
You see here a stone.
You see here a stone.
You see here a stone.
There is an escape hatch in the floor here.
An orc wizard comes into view. It is wielding a +0 dagger.
The orc wizard shouts!
You hear a shout! x2
The orc wizard hits you but does no damage.
You hit the orc wizard but do no damage.
The orc wizard hits you but does no damage.
You hit the orc wizard but do no damage.
The orc wizard hits you but does no damage.
Your ring mail prevents you from hitting the orc wizard.
The orc wizard points at you and mumbles some strange words.
The magic dart hits you!
You thump the orc wizard!
The orc wizard is severely wounded.
The orc wizard closely misses you.
You hit the orc wizard.
The orc wizard is almost dead.
The orc wizard barely misses you.
An orc wizard comes into view. It is wielding a +0 dagger.
The orc wizard points at you and mumbles some strange words.
You feel yourself slow down.
You hit the orc wizard.
The orc wizard is almost dead.
The orc wizard hits you with a +0 dagger.
You completely miss the orc wizard.
The orc wizard is almost dead.
The orc wizard casts a spell.
The orc wizard seems to speed up.
The orc wizard hits you with a +0 dagger.
The orc wizard mumbles some strange words.
The orc wizard seems to speed up.
You thump the orc wizard!
You kill the orc wizard!
Your Evocations skill increases to level 2!
You closely miss the orc wizard.
The orc wizard points at you and mumbles some strange words.
The puff of frost hits you.
The orc wizard hits you but does no damage. x2
Quiver which item? (- for none, * to show all) (? for menu, Esc to quit)
Okay, then.
Okay, then.
Throwing (i - inventory)
h - a throwing net (quivered)
Press: ? - help, Shift-Dir - straight line, f - orc wizard
Aim: an orc wizard, wielding a +0 dagger and wearing a +0 robe (fast)
You throw a throwing net.
The throwing net barely misses the orc wizard.
The orc wizard gestures at you while chanting.
The puff of frost hits you!
* * * LOW HITPOINT WARNING * * *
The orc wizard casts a spell at you. The puff of flame misses you.
You sock the orc wizard!
The orc wizard is severely wounded.
The orc wizard gestures at you while chanting.
The puff of frost hits you.
* * * LOW HITPOINT WARNING * * *
The orc wizard looks encouraged for a moment.
The orc wizard gestures at you while chanting.
The puff of flame hits you!
You die...

####...#..#..#..#..#
...................#
..................>#
##.#...............#
.#.#...#..#..#..#..#
.#s#...............#
.#...###############
......# ......o.#
.##...# #@# ###...#
#.# #...# ##.##
#...# ##...##
###...# ##.###.##
............#.##
##.# ......#.s...#[#
#># ###.#.#...o.#.##
##.# # #.#.#
######.###.##


You could see an orc wizard (fast).

Vanquished Creatures
  A hound (D:4)
  2 bullfrog skeletons
  An orc wizard (D:4)
  3 adders
  4 gnolls
  2 worms
  2 dart slugs (D:1)
  A leopard gecko (D:3)
  2 orcs
  5 bats
  2 giant cockroaches
  11 hobgoblins
  4 jackals (D:1)
  7 kobolds
  3 ball pythons
  6 goblins
  3 rats
59 creatures vanquished.

Notes
Turn   | Place    | Note
-------+----------+-------------------------------------------
     0 | D:1      | Amnesiac the Deep Elf Gladiator began the quest for the
                  | Orb.
     0 | D:1      | Reached XP level 1. HP: 12/12 MP: 3/3
   387 | D:1      | Reached XP level 2. HP: 11/16 MP: 4/4
   872 | D:1      | Reached XP level 3. HP: 12/20 MP: 5/5
   891 | D:1      | Reached skill level 1 in Armour
  1625 | D:2      | You fall into a shaft and drop 1 floor!
  1950 | D:4      | Reached XP level 4. HP: 22/26 MP: 6/6
  2311 | D:4      | Got a thick robe
  2331 | D:4      | Identified the +0 robe of the Snake Pit {rN+} (You found it
                  | on level 4 of the Dungeon)
  2419 | D:4      | Reached XP level 5. HP: 19/31 MP: 7/7
  2883 | D:4      | Found a staircase to the Ecumenical Temple.
  2895 | Temple   | Entered the Ecumenical Temple
  3259 | D:5      | Entered Level 5 of the Dungeon
  3386 | D:5      | Reached skill level 1 in Evocations
  3399 | D:4      | Found Qydd's Jewellery Shop.
  3493 | D:4      | Killed from afar by an orc wizard

Illustrated notes

Levels and vault maps discovered:
D:1:      erik_arrival_triangle_medium, layout_basic, nrook_mini_backslash,
          minmay_bisected
D:2:      layout_rooms, uniq_jessica
D:3:      layout_loops_ring, ebering_ghost_disaster_area
D:4:      layout_loops_ring, temple_hall, serial_shops, kennysheep_mini
D:5:      layout_basic, first_ration, uniq_edmund
D:6:      layout_basic, good_gods_mini_temple, st_stairs_11
Temple:   minmay_temple_curvy_loop

Skill      XL: |  1  2  3  4  5 |
---------------+----------------+-----
Staves         | 4 |  4.0
Armour         | 1 2 |  2.5
Fighting       | 2 |  2.6
Dodging        | 4 |  4.2
Evocations     | 2 |  2.3
Throwing       | |  2.0

Action                   |  1- 3 |  4- 6 || total
-------------------------+-------+-------++-------
Melee: Quarterstaff      |   150 |   107 ||   257
Throw: Throwing net      |       |     7 ||     7
  Use: Potion            |       |     2 ||     2
 Stab: Held in net/web   |       |     1 ||     1
       Sleeping          |       |     1 ||     1
  Eat: Chunk             |     3 |     4 ||     7
Armor: Leather armour    |    35 |    24 ||    59
       Ring mail         |       |     8 ||     8
Dodge: Dodged            |   108 |    81 ||   189

Table legend:
 A = Non-vault XP
 B = Vault XP
 C = Vault XP percentage of total XP
 D = Non-vault monster count
 E = Vault monster count
 F = Vault count percentage of total count
                 A         B        C        D         E       F
            +---------+---------+-------+---------+---------+-------
      Total |     349 |       7 |   2.0 |      56 |       3 |   5.1
            +---------+---------+-------+---------+---------+-------
        D:1 |      51 |       7 |  12.1 |      29 |       3 |   9.4
        D:2 |      37 |       0 |   0.0 |       9 |       0 |   0.0
        D:3 |      34 |       0 |   0.0 |       5 |       0 |   0.0
        D:4 |     179 |       0 |   0.0 |      10 |       0 |   0.0
        D:5 |      43 |       0 |   0.0 |       2 |       0 |   0.0
     Temple |       5 |       0 |   0.0 |       1 |       0 |   0.0
            +---------+---------+-------+---------+---------+-------
